cohdb
Replays
Latest Replays
All Replays
Popular Replays
Top Player Replays
Match Explorer
How It Works
Community
CoH3 Stats
Reddit
Sign in to upload your games and track your stats! →
Sign in with Steam
Match 45156652
Unlisted
Match 45156652
Overview
Messages
Build Orders
End
Kettenkrad Recon Vehicle
Construct Infanterie Kompanie
MG 42 Machine Gun Team
Selects Breakthrough Battlegroup
Selects Assault Grenadiers
Grenadier Squad
Grenadier Squad
Grenadier Squad
Construct Luftwaffe Kompanie
221 Scout Car
Grenadier Squad
Flak 30 Anti-aircraft Gun Team
Selects Rapid Production
Selects Smoke Bombing Run
Selects Incendiary Bombing Run
Incendiary Bombing Run
Construct Panzer Kompanie
Medical Bunker
Panzer IV Medium Tank
Panzer IV Medium Tank
Panzer IV Medium Tank
是谁最爱吃哈基米
틈만나면도망감
NoCommentary
ionwood
TheWolf
loner
HMMhy
doc
0
0
Comments
sign in to comment!
No comments posted yet!